 Dungeon Crawl Stone Soup version 0.29-a0-559-g359e09b9d1 (webtiles) character file.

Game seed: 12423444343192897516

2262 vulpzor the Protected (level 9, -1/84 HPs)
             Began as a Minotaur Fighter on June 10, 2022.
             Was a Believer of Ashenzari.
             Killed from afar by a deep elf pyromancer (17 damage)
             ... with a bolt of fire
             ... on level 8 of the Dungeon.
             The game lasted 00:34:00 (8605 turns).

vulpzor the Protected (Minotaur Fighter)            Turns: 8605, Time: 00:34:00

Health: -1/84      AC: 19    Str: 23    XL:     9   Next: 15%
Magic:  8/8        EV:  5    Int:  5    God:    Ashenzari [**....]
Gold:   316        SH: 15    Dex: 12    Spells: 8/8 levels left

rFire   . . .      SeeInvis +   a - +0 long sword of Panopticon {Melee, Alch} (curse)
rCold   + . .      Faith    .   w - +0 tower shield "Ensconced Water Diviner" {Fort, Bglg} (curse)
rNeg    . . .      Spirit   .   v - +8 chain mail of Ashenzari's Sorrow {rC+, Self, Elem} (curse)
rPois   .          Reflect  .   (helmet restricted)
rElec   .          Harm     .   (no cloak)
rCorr   .          Rampage  .   (no gloves)
Will    .....                   (no boots)
Stlth   ..........              x - amulet of magic regeneration
HPRegen 0.24/turn               t - ring of see invisible
MPRegen 0.51/turn               y - ring of wizardry

@: no status effects
A: horns 2, retaliatory headbutt
a: Renounce Religion, Curse Item, Shatter the Chains


You were on level 8 of the Dungeon.
You worshipped Ashenzari.
Ashenzari was pleased with you.
You visited 2 branches of the dungeon, and saw 9 of its levels.

You collected 436 gold pieces.
You spent 120 gold pieces at shops.

Inventory:

Hand Weapons
 a - the cursed +0 long sword of Panopticon (weapon) {Melee, Alch}

   It has a curse which improves the following skills: Melee Combat: Short
   Blades, Long Blades, Axes, Maces & Flails, Polearms, Staves and Unarmed
   Combat.
   Alchemy:   Poison Magic and Transmutations.
 b - a +2 flail of protection
 h - a +3 dagger of draining
 A - a +0 short sword of freezing
 E - a +2 long sword
 I - a +2 halberd of flaming
 J - a +2 vorpal halberd
 K - a +3 great sword
 O - a +4 quarterstaff of chaos
Missiles
 H - a throwing net (quivered)
Armour
 c - a +0 buckler
 f - a +2 leather armour of cold resistance
 v - the cursed +8 chain mail of Ashenzari's Sorrow (worn) {rC+, Self, Elem}
   (You found it on level 4 of the Dungeon)

   rC:        It protects you from cold.
   It has a curse which improves the following skills: Introspection: Fighting
   and Spellcasting.
   Elements:  Fire Magic, Ice Magic, Air Magic and Earth Magic.
 w - the cursed +0 tower shield "Ensconced Water Diviner" (worn) {Fort, Bglg}
   (You found it on level 5 of the Dungeon)

   It has a curse which improves the following skills: Fortitude: Armour and
   Shields.
   Beguiling: Conjurations, Hexes and Translocations.
 B - a +0 plate armour
 D - a scarf of repulsion
 M - a +1 helmet
Magical Staves
 i - a staff of fire
 p - a staff of poison
 u - a staff of air
Jewellery
 t - a ring of see invisible (left hand)
 x - an amulet of magic regeneration (around neck)
 y - a ring of wizardry (right hand)
Scrolls
 n - a scroll of fog
 q - 2 scrolls of teleportation
 s - 7 scrolls of identify
 z - a scroll of fear
 C - a scroll of acquirement
 L - a scroll of immolation
Potions
 d - a potion of might
 e - 3 potions of curing
 g - a potion of brilliance
 j - a potion of attraction
 k - 3 potions of mutation
 l - 3 potions of magic
 m - 2 potions of lignification
 o - 5 potions of degeneration
 r - 2 potions of invisibility
 N - a potion of haste


   Skills:
 + Level 8.2(9.5) Fighting
 + Level 7.6(8.9) Long Blades
 + Level 8.2(9.5) Armour
 + Level 8.2(9.4) Shields


You had 8 spell levels left.
You didn't know any spells.
Your spell library contained the following spells:

 Spells                   Type           Power      Damage    Failure   Level
 Blink                    Tloc           0%         N/A       100%        2
 Gell's Gravitas          Tloc           0%         N/A       100%        3
 Lesser Beckoning         Tloc           0%         N/A       100%        3
 Teleport Other           Tloc           0%         N/A       100%        3
 Passage of Golubria      Tloc           0%         N/A       100%        4
 Manifold Assault         Tloc           0%         N/A       100%        5
 Silence                  Hex/Air        0%         N/A       100%        5
 Lehudib's Crystal Spear  Conj/Erth      0%         10d2      100%        8


Dungeon Overview and Level Annotations

Branches:
Dungeon (8/15)             Temple (1/1) D:5
   Lair: D:8-11

Altars:
Ashenzari
Cheibriados
Dithmenos
Elyvilon
Fedhas
Hepliaklqana
Makhleb
Okawaru
Qazlal
Ru
Sif Muna
Trog
Uskayaw
Vehumet
Wu Jian
Xom
Zin
The Shining One

Shops:
D:3 =   D:6 *   D:7 :


Innate Abilities, Weirdness & Mutations

You have a pair of horns on your head.
You reflexively headbutt those who attack you in melee.


Message History

You are covered in liquid flames!
You hit the deep elf pyromancer.
The deep elf pyromancer is heavily wounded.
You are covered in liquid flames!
You are no longer on fire.
The deep elf pyromancer gestures at you while chanting.
The bolt of fire hits you!!
* * * LOW HITPOINT WARNING * * *
The deep elf pyromancer gestures at you while chanting.
The sticky flame hits you.
You are covered in liquid flames!
* * * LOW HITPOINT WARNING * * *
You are confused.
You feel invigorated.
You are covered in liquid flames!
* * * LOW HITPOINT WARNING * * *
The deep elf pyromancer hits you but does no damage.
You are covered in liquid flames!
* * * LOW HITPOINT WARNING * * *
The deep elf pyromancer points at you and mumbles some strange words.
The sticky flame hits you but does no damage.
You are covered in liquid flames!
You feel better.
You are covered in liquid flames!
* * * LOW HITPOINT WARNING * * *
You feel less invigorated.
You hit the deep elf pyromancer but do no damage.
The deep elf pyromancer is heavily wounded.
You are covered in liquid flames!
* * * LOW HITPOINT WARNING * * *
The deep elf pyromancer mumbles some strange words.
The deep elf pyromancer blinks!
You are covered in liquid flames!
* * * LOW HITPOINT WARNING * * *
You are no longer on fire.
The deep elf pyromancer gestures wildly while chanting.
The deep elf pyromancer blinks!
The deep elf pyromancer points at you and mumbles some strange words.
The bolt of fire hits you!
You die...

#.##.# #.####.#*
#.##.# #. #..#
*, , * #.##.# #
# #..#*,*,* *
#.##.###*.# #..#
,
#.##.##..####..#
,* *
#.##.##.##$....#
*
#.<.....####e..#
**
####.##.###.#○.#
*, #.##....@#..#
, #.###.#.....#
, *
#......#.##.# *
########.# .# *
* ... .. ,, * ,
#..# * , * * ,
,, #..# , , ,
,...# * * *,*


You could see a deep elf pyromancer.

Vanquished Creatures
  The ghost of valliere the Ruffian, a novice DrTm (D:4)
  Prince Ribbit (D:6)
  2 water moccasins
  A sky beast (D:7)
  An ice beast (D:5)
  An ogre (D:6)
  A phantom (D:5)
  A bullfrog (D:7)
  A gnoll sergeant (D:6)
  A necrophage (D:7)
  7 wights
  A water moccasin skeleton (D:4)
  3 howler monkeys
  2 hounds
  Crazy Yiuf (D:7)
  A gnoll shaman (D:5)
  Terence (D:2)
  4 iguanas
  A howler monkey zombie (D:4)
  6 adders
  9 gnolls
  A shadow imp (D:6)
  2 worms
  20 orcs
  8 ball pythons
  8 endoplasms
  2 giant cockroaches
  10 goblins
  11 hobgoblins
  6 jackals
  9 quokkas
  6 bats
  2 frilled lizards (D:1)
  9 kobolds
  6 rats
147 creatures vanquished.

Vanquished Creatures (others)
  3 bushes (D:4)
  13 plants (D:4)
16 creatures vanquished.

Grand Total: 163 creatures vanquished

Notes
Turn   | Place    | Note
-------+----------+-------------------------------------------
     0 | D:1      | vulpzor the Minotaur Fighter began the quest for the Orb.
     0 | D:1      | Reached XP level 1. HP: 19/19 MP: 0/0
     2 | D:1      | Found a faded altar of an unknown god.
    23 | D:1      | Prayed at the altar of an unknown god.
    23 | D:1      | Became a worshipper of Ashenzari the Shackled
    73 | D:1      | Reached XP level 2. HP: 25/27 MP: 1/1
   845 | D:2      | Reached XP level 3. HP: 33/33 MP: 2/2
  1462 | D:2      | Noticed Terence
  1475 | D:2      | Killed Terence
  1476 | D:2      | Reached XP level 4. HP: 18/41 MP: 3/3
  2591 | D:3      | Reached XP level 5. HP: 47/47 MP: 4/4
  2793 | D:3      | Found Niagoal's Jewellery Shoppe.
  3193 | D:4      | Reached * piety under Ashenzari
  3273 | D:4      | Identified the +8 chain mail of Lethargy {rC+}
  3553 | D:4      | Found a runed translucent gate.
  3553 | D:4      | Found a runed translucent gate.
  3554 | D:4      | Found a runed translucent gate.
  3558 | D:4      | Noticed valliere's ghost (novice DrTm)
  3609 | D:4      | Found a blossoming altar of Fedhas.
  3736 | D:4      | Reached skill level 5 in Fighting
  3736 | D:4      | Reached skill level 5 in Armour
  3736 | D:4      | Reached skill level 5 in Shields
  3753 | D:4      | Killed valliere's ghost
  3754 | D:4      | Reached XP level 6. HP: 18/57 MP: 5/5
  3754 | D:4      | Reached XP level 7. HP: 20/62 MP: 6/6
  4021 | D:5      | Entered Level 5 of the Dungeon
  4034 | D:5      | Reached skill level 5 in Long Blades
  4183 | D:5      | Found a staircase to the Ecumenical Temple.
  4192 | Temple   | Entered the Ecumenical Temple
  4708 | D:5      | Found an ornate altar of the Wu Jian Council.
  5062 | D:5      | Reached ** piety under Ashenzari
  5085 | D:5      | Reached XP level 8. HP: 71/74 MP: 7/7
  5421 | D:6      | Found Ubres's Assorted Antiques.
  5425 | D:6      | Bought a cabochon ring for 120 gold pieces
  6182 | D:6      | Noticed Prince Ribbit
  6223 | D:6      | Killed Prince Ribbit
  6473 | D:6      | Identified a scroll of acquirement
  6976 | D:7      | Found a radiant altar of Vehumet.
  7112 | D:7      | Found a bloodstained altar of Trog.
  7229 | D:7      | Found a glowing golden altar of the Shining One.
  7255 | D:7      | Reached XP level 9. HP: 83/83 MP: 8/8
  7312 | D:7      | Found a white marble altar of Elyvilon.
  7326 | D:7      | Found a flagged portal.
  7405 | D:7      | Found a shadowy altar of Dithmenos.
  7515 | D:7      | Found a runed translucent door.
  7516 | D:7      | Noticed Crazy Yiuf
  7524 | D:7      | Killed Crazy Yiuf
  7677 | D:7      | Found Rukaklah's Book Shoppe.
  8107 | D:7      | Found a shimmering altar of Xom.
  8388 | D:8      | Noticed a deep elf pyromancer
  8605 | D:8      | Killed from afar by a deep elf pyromancer

Illustrated notes

Levels and vault maps discovered:
D:1:      scummos_arrival_simple_fountains, layout_loops_cross,
          hellmonk_ecumenical_altar_run_dry
D:2:      layout_loops_corners, kennysheep_generic_room_3, uniq_terence
D:3:      layout_rooms, serial_shops, nicolae_shop_hallway_stairs,
          chequers_hall_statues_corner_a
D:4:      nicolae_cairo_tiling_large_dashed, layout_cave_pods,
          fedhas_altar_decomposition, gammafunk_ghost_necromancy
D:5:      layout_loops_corners, nicolae_wu_jian_wuxing_cycle, temple_statues
D:6:      layout_gridville, serial_shops, kennysheep_mini, uniq_prince_ribbit1
D:7:      layout_loops_corners, mainiacjoe_overflow_catwalk, elyvilon_altar_1,
          trog_hazing_becter, vehumet_crystals, minitemple, serial_shops,
          nicolae_take_the_stairs, enter_bailey_2, uniq_crazy_yiuf_cottage
D:8:      minmay_the_grid_square_5x5_3x3 [minmay_the_grid_square_5x5_minivault,
          minmay_the_grid_square_5x5_bridge, minmay_the_grid_square_5x5_detours,
          minmay_the_grid_square_5x5_dogpile,
          minmay_the_grid_square_5x5_megaprize_diamond,
          minmay_the_grid_square_5x5_checkered,
          minmay_the_grid_square_5x5_minimal,
          minmay_the_grid_square_5x5_longway,
          minmay_the_grid_square_5x5_broken_cross], layout_loops_ring,
          gammafunk_temple_of_torment, lair_entry_dummy, special_room
          [special_room_orc], minmay_microvault
Temple:   eino_wide_crystal_templ

Skill      XL: |  1  2  3  4  5  6  7  8  9 |
---------------+----------------------------+-----
Armour         | 4 5 6 7 8 |  8.2
Shields        | 4 5 6 7 8 |  8.2
Fighting       | 4 5 6 8 |  8.2
Long Blades    | 3 4 5 7 |  7.6

Action                   |  1- 3 |  4- 6 |  7- 9 || total
-------------------------+-------+-------+-------++-------
Melee: Long sword        |    89 |   169 |   309 ||   567
       Headbutt          |    13 |    21 |    56 ||    90
       Dagger            |    19 |       |       ||    19
Invok: Curse Item        |     2 |     1 |     2 ||     5
       Shatter the Chain |     1 |     1 |       ||     2
  Use: Scroll            |     3 |     5 |     1 ||     9
       Potion            |       |       |     2 ||     2
Armor: Scale mail        |    35 |    66 |       ||   101
       Chain mail        |       |    38 |   173 ||   211
Dodge: Dodged            |    49 |    86 |    60 ||   195
Block: Buckler           |    20 |    39 |    24 ||    83
       Tower shield      |       |       |   188 ||   188

Table legend: (Time is in decaauts)
 A = Elapsed time spent in this place.
 B = Non-inter-level travel time spent in this place.
 C = Inter-level travel time spent in this place.
 D = Time resting spent in this place.
 E = Time spent auto-exploring this place.
 F = Levels seen in this place.
 G = Mean time per level.
                   A        B        C        D        E       F      G
               +--------+--------+--------+--------+--------+-----+--------+
         Total |   8745 |   8745 |      0 |    154 |   5809 |   9 |  971.7 |
       Dungeon |   8605 |   8605 |      0 |    154 |   5707 |   8 | 1075.6 |
        Temple |    139 |    139 |      0 |      0 |    102 |   1 |  139.0 |
               +--------+--------+--------+--------+--------+-----+--------+

Top non-repeatable levels by time:
     D:6: 1689 daAuts
     D:7: 1571 daAuts
     D:2: 1198 daAuts
     D:5: 1180 daAuts
     D:4: 1151 daAuts
     D:3: 892 daAuts
     D:1: 842 daAuts
  Temple: 139 daAuts
     D:8: 79 daAuts
